 Dungeon Crawl Stone Soup version 0.29.1-4-g47bece8355 (webtiles) character file.

Game seed: 16442749296334743981

488 retardedninja the Chopper (level 7, -5/61 HPs)
             Began as a Hill Orc Fighter on Dec 9, 2022.
             Was an Initiate of Gozag.
             Slain by an ogre
             ... wielding a +0 giant club
              (26 damage)
             ... on level 4 of the Dungeon.
             The game lasted 00:03:03 (3669 turns).

retardedninja the Chopper (Hill Orc Fighter)        Turns: 3669, Time: 00:03:03

Health: -5/61      AC:  8    Str: 21    XL:     7   Next: 13%
Magic:  7/7        EV: 10    Int:  8    God:    Gozag
Gold:   104        SH:  4    Dex: 10    Spells: 6/6 levels left

rFire   . . .      SeeInvis .   a - +0 war axe
rCold   . . .      Faith    .   c - +0 buckler
rNeg    . . .      Spirit   .   b - +0 scale mail
rPois   .          Reflect  .   (no helmet)
rElec   .          Harm     .   (no cloak)
rCorr   .          Rampage  .   (no gloves)
Will    .....                   o - +0 pair of boots
Stlth   ..........              (no amulet)
HPRegen 0.20/turn               (no ring)
MPRegen 0.10/turn               (no ring)

@: mighty, gold aura
A: no striking features
a: Renounce Religion, Potion Petition, Call Merchant, Bribe Branch


You were on level 4 of the Dungeon.
You worshipped Gozag.
Gozag was aware of your devotion.
You visited 1 branch of the dungeon, and saw 4 of its levels.

You collected 146 gold pieces.
You paid 42 gold pieces to Gozag.

Inventory:

Hand Weapons
 a - a +0 war axe (weapon)
Armour
 b - a +0 scale mail (worn)
 c - a +0 buckler (worn)
 o - a +0 pair of boots (worn)
Jewellery
 e - an amulet of the acrobat
 i - a ring of positive energy
Scrolls
 f - a scroll of identify {unknown}
 g - 3 scrolls of blinking {unknown}
 h - a scroll of amnesia {unknown}
 j - a scroll of enchant armour {unknown}
 l - a scroll of fear {unknown}
 m - a scroll of magic mapping {unknown}
 q - 3 scrolls of teleportation {unknown}
 r - a scroll of enchant weapon {unknown}
 s - a scroll of vulnerability {unknown}
Potions
 k - a potion of lignification {unknown}
 n - a potion of heal wounds {unknown}
 p - a potion of brilliance {unknown}
 t - a potion of attraction {unknown}
 u - a potion of degeneration {unknown}
 v - a potion of curing {unknown}
 w - a potion of resistance {unknown}


   Skills:
 + Level 5.0 Fighting
 + Level 7.2 Axes
 + Level 4.3 Armour
 + Level 1.8 Dodging
 + Level 0.1 Stealth
 + Level 3.8 Shields


You had 6 spell levels left.
You didn't know any spells.
Your spell library contained the following spells:

 Spells                   Type           Power      Damage    Failure   Level
 Foxfire                  Conj/Fire      0%         2x1d4     83%         1
 Magic Dart               Conj           0%         1d3       83%         1
 Call Imp                 Summ           0%         N/A       92%         2
 Conjure Flame            Conj/Fire      0%         6-21      99%         3
 Ignite Poison            Fire/Tmut/Pois 0%         N/A       99%         3
 Inner Flame              Hex/Fire       0%         N/A       99%         3
 Mephitic Cloud           Conj/Pois/Air  0%         N/A       99%         3
 Flame Wave               Conj/Fire      0%         2d4       100%        4
 Freezing Cloud           Conj/Ice/Air   0%         6-21      100%        5


Dungeon Overview and Level Annotations

Branches:
Dungeon (4/15)
 Temple: D:4-7

Altars:
Gozag

Shops:
D:1 *


Message History

Something hits you.
The orc shouts!
You hit something but do no damage. You block something's attack.
Something hits you.
You slash something!
Reactivating autopickup.
You feel a bit more experienced.
The orc is no longer distracted by gold.
The orc barely misses you. The orc barely misses you.
Items here: $ )) [.
Unknown command.
You slash the orc!
You kill the orc!
The orc is distracted by your dazzling golden aura.
Unknown command.
Things that are here:
9 gold pieces; a +0 trident Unknown command.
Unknown command.
The orc shouts!
You slash the orc!
You kill the orc!
Unknown command.
You hit the ogre but do no damage. The ogre closely misses you.
Unknown command.
You barely miss the ogre.
The ogre hits you with a +0 giant club!!
You are too injured to fight recklessly!
Unknown command.
You are too injured to fight recklessly!
Unknown command.
You feel very mighty all of a sudden. You block the ogre's attack.
You barely miss the ogre. You barely miss the ogre. The ogre barely misses you.
You barely miss the ogre.
The ogre hits you with a +0 giant club!!
You die...
Your body crumbles into a pile of gold.

#.#####.#.###..##.###..###
#.........................
######.#####.#.####.##.####.###
................# #.##.# #.#
.######.#####.#.# #.##.# #.#
#.# #.#.# #.##.# .# #.# ###.#
#. #.# #.# #$# #.. #.# #@# #.#
#O# #. #.# ... #.# #.# #.. ###


You could see an ogre.

Vanquished Creatures
  Edmund (D:4)
  An ogre (D:4)
  A scorpion (D:4)
  A jelly (D:4)
  An iguana (D:4)
  An orc wizard (D:4)
  Robin (D:3)
  2 adders
  An ufetubus (D:4)
  A worm (D:3)
  3 dart slugs (D:2)
  12 orcs
  8 endoplasms
  3 giant cockroaches
  18 goblins
  6 hobgoblins
  4 jackals (D:1)
  3 quokkas
  6 ball pythons
  6 bats
  A frilled lizard (D:2)
  2 kobolds (D:2)
  11 rats
94 creatures vanquished.

Vanquished Creatures (others)
  A fungus (D:1)
  3 plants (D:1)
4 creatures vanquished.

Grand Total: 98 creatures vanquished

Notes
Turn   | Place    | Note
-------+----------+-------------------------------------------
     0 | D:1      | retardedninja the Hill Orc Fighter began the quest for the
                  | Orb.
     0 | D:1      | Reached XP level 1. HP: 19/19 MP: 1/1
    49 | D:1      | Found a faded altar of an unknown god.
    60 | D:1      | Reached XP level 2. HP: 26/27 MP: 2/2
   222 | D:1      | Reached skill level 3 in Axes
   253 | D:1      | Found Assitumauff's General Store.
   686 | D:2      | Reached XP level 3. HP: 27/33 MP: 3/3
  1634 | D:3      | Reached XP level 4. HP: 40/40 MP: 4/4
  1650 | D:3      | Reached skill level 4 in Axes
  2167 | D:3      | Noticed Robin
  2176 | D:3      | Killed Robin
  2181 | D:3      | Reached XP level 5. HP: 32/47 MP: 5/5
  2661 | D:4      | Noticed an ogre
  2669 | D:4      | Killed an ogre
  2670 | D:4      | Reached skill level 5 in Axes
  2672 | D:4      | Reached skill level 6 in Axes
  2672 | D:4      | Reached skill level 1 in Dodging
  2672 | D:4      | Reached XP level 6. HP: 27/55 MP: 6/6
  3028 | D:4      | Noticed Edmund
  3043 | D:4      | Killed Edmund
  3044 | D:4      | Reached skill level 5 in Fighting
  3266 | D:4      | Found an opulent altar of Gozag.
  3317 | D:4      | Became a worshipper of Gozag Ym Sagoz the Greedy
  3456 | D:4      | Reached skill level 7 in Axes
  3503 | D:4      | Reached XP level 7. HP: 37/61 MP: 7/7
  3669 | D:4      | Slain by an ogre

Illustrated notes

Levels and vault maps discovered:
D:1:      amcnicky_arrival_blooded_trapdoor, layout_rooms,
          dreamdust_ecumenical_altar_hidden_monk_grotto, serial_shops, shop,
          grunt_decor_junction
D:2:      layout_rooms, hangedman_decor_lopped
D:3:      cheibrodos_helix_gallery, layout_basic, grunt_ministairs_12,
          uniq_robin
D:4:      layout_basic, tso_metal_star, nicolae_gozag_seed_capital,
          minmay_pentomino_pile, uniq_edmund

Skill      XL: |  1  2  3  4  5  6 |
---------------+-------------------+-----
Axes           | 3 4 6 7 |  7.2
Fighting       | 4 5 |  5.0
Armour         | 4 |  4.3
Dodging        | 1 |  1.8
Stealth        | |  0.1
Shields        | |  3.8

Action                   |  1- 3 |  4- 6 |  7- 9 || total
-------------------------+-------+-------+-------++-------
Melee: War axe           |   104 |    99 |    22 ||   225
  Use: Potion            |       |     2 |     1 ||     3
Armor: Scale mail        |    48 |    44 |     8 ||   100
Dodge: Dodged            |    44 |    47 |    10 ||   101
Block: Buckler           |    23 |    19 |     3 ||    45
